 Dungeon Crawl Stone Soup version 0.15-a0-877-g2926600 (webtiles) character file.

405 Bloax the Cutter (level 6, -3/30 HPs)
             Began as a Vine Stalker Gladiator on May 16, 2014.
             Slain by an ogre
             ... wielding a +0,+0 giant club
              (5 damage)
             ... on Level 4 of the Dungeon.
             The game lasted 00:04:47 (642 turns).

Bloax the Cutter (Vine Stalker Gladiator)            Turns: 642, Time: 00:04:47

HP  -3/30        AC  5     Str 17      XL: 6   Next: 87%
MP   0/13        EV 12     Int  8      God:
Gold 58          SH  0     Dex 17      Spells:  0 memorised,  9 levels left

rFire  . . .     SeeInvis .     a - +0 cutlass
rCold  . . .     Clarity  .     b - +0 leather armour
rNeg   . . .     Conserve .     (no shield)
rPois  .         rCorr    .     c - +1 helmet
rElec  .         rRot     +     (no cloak)
SustAb .         Spirit   +     (no gloves)
rMut   .         Warding  .     (no boots)
Gourm  .         Stasis   .     (no amulet)
MR     .....                    (no ring)
                                l - ring of wizardry

@: not resistant to hostile enchantments, fairly stealthy
A: fangs 2, regeneration 2, magic shield, antimagic bite, no device heal 2
a: no special abilities


You were on level 4 of the Dungeon.
You were not hungry.

You visited 1 branch of the dungeon, and saw 4 of its levels.

You collected 58 gold pieces.


Innate Abilities, Weirdness & Mutations

You are immune to rotting.
You have extremely sharp teeth.
You heal very quickly.
When hurt, damage is shared between your health and your magic reserves.
Your bite disrupts and absorbs the magic of your enemies.
Potions and wands cannot restore your health.


   Skills:
 - Level 1.7 Fighting
 + Level 5.2 Short Blades
 - Level 1.7 Throwing
 - Level 2.4 Dodging
 - Level 4.6 Stealth
 + Level 2.4 Spellcasting


You had 9 spell levels left.
You didn't know any spells.

Dungeon Overview and Level Annotations

Branches:
Dungeon (4/15)
 Temple: D:4-7

Altars:

Annotations:
D:3 Sigmund
D:4 Grinder, Natasha

Inventory:

Hand weapons
 a - a +0,+0 cutlass (weapon)
Armour
 b - a +0 leather armour (worn)
 c - a +1 helmet (worn)
 d - a +0 shield
   (You found it on level 4 of the Dungeon)
Comestibles
 f - a bread ration
Jewellery
 l - a ring of wizardry (left hand)
   (You found it on level 2 of the Dungeon)
Potions
 e - a potion of curing

##......###...
##............#
#...(..5..#
#........##
##......##
##.....#####
##....(...#
.........###O# ###
.........# #@#
..#####
.........###h##
.)#...
###.######55.###
#..... #. #....>#
#....# #. #...#.#
##....# #.....##
###.....#
##.#...####....##..
#.#.#...##.#.####.
#.#.###.#....# #.


You could see an ogre, Natasha, a crimson imp and a shadow imp.


Message History

Natasha misses you.
You closely miss Natasha. You bite Natasha.
Natasha's magic leaks into the air.
You drain her magic.
Natasha is severely wounded.
Natasha closely misses you.
You barely miss Natasha.
Natasha is severely wounded.
Natasha claws you.
You miss Natasha. You bite Natasha.
Natasha's magic leaks into the air.
You drain her magic.
You feel invigorated.
Natasha is almost dead.
Natasha claws you but does no damage.
You hit Natasha but do no damage.
Natasha is almost dead.
Natasha claws you but does no damage.
You hit Natasha.
You kill Natasha!
No target in view!
Grinder comes into view.
Grinder shouts!
Grinder zaps a wand.
The puff of flame hits you!
Grinder zaps a wand.
The puff of flame misses you.
An ogre comes into view. It is wielding a giant club.
You barely miss Grinder. You bite Grinder.
Grinder's magic leaks into the air.
You drain his magic.
You feel invigorated.
Grinder is lightly wounded.
Grinder falters for a moment.
You barely miss Grinder. You bite Grinder, but do no damage.
Grinder is lightly wounded.
Grinder zaps a wand.
The puff of flame hits you!
You closely miss Grinder. You bite Grinder!
Grinder's magic leaks into the air.
You drain his magic.
You feel invigorated.
Grinder is moderately wounded.
Grinder zaps a wand.
The puff of flame hits you!
You barely miss Grinder. You bite Grinder.
Grinder's magic leaks into the air.
You drain his magic.
You feel invigorated.
Grinder is heavily wounded.
The ogre barely misses you.
Grinder zaps a wand.
The puff of flame misses you.
Grinder falters for a moment.
Grinder zaps a wand.
The puff of flame hits you!
You see here 18 bolts.
Natasha comes into view.
Natasha casts a spell.
You hit Natasha. You bite Natasha, but do no damage.
Natasha is heavily wounded.
The ogre closely misses you. Natasha barely misses you.
You barely miss Natasha.
Natasha is heavily wounded.
Natasha claws you. The ogre hits you with a giant club!
* * * LOW HITPOINT WARNING * * *
You hit Natasha but do no damage.
Natasha is heavily wounded.
Natasha casts a spell at you. The magic dart hits you!
* * * LOW HITPOINT WARNING * * *
You hit Natasha.
Natasha is heavily wounded.
The ogre hits you with a giant club.
* * * LOW HITPOINT WARNING * * *
Natasha mumbles some strange words.
You closely miss Natasha.
Natasha is heavily wounded.
The ogre barely misses you. Natasha barely misses you.
You barely miss Natasha.
Natasha is heavily wounded.
Natasha closely misses you.
You miss Natasha.
Natasha is heavily wounded.
The ogre hits you with a giant club.
You die...

Action                   |  1- 3 |  4- 6 || total
-------------------------+-------+-------++-------
Melee: Cutlass           |    59 |    82 ||   141
Throw: Throwing net      |     2 |     3 ||     5
  Use: Potion            |     4 |     2 ||     6
       Scroll            |     3 |       ||     3
 Stab: Held in net/web   |     1 |     2 ||     3

Vault maps used:
D:1:      co_arrival_square_in_a_square_in_a_square
D:2:      tso_altar, grunt_decor_arrowhead
D:3:      lemuel_coloured_pillars_altar, grunt_decor_cap, uniq_sigmund
D:4:      nemelex_deck, uniq_grinder, uniq_blork_the_orc, uniq_menkaure,
          uniq_crazy_yiuf_cottage, uniq_prince_ribbit1, uniq_natasha

Notes
Turn   | Place    | Note
--------------------------------------------------------------
     0 | D:1      | Bloax, the Vine Stalker Gladiator, began the quest for the Orb.
     0 | D:1      | Reached XP level 1. HP: 11/11 MP: 1/1
    72 | D:1      | Reached skill level 3 in Short Blades
   119 | D:2      | Reached XP level 2. HP: 15/15 MP: 3/3
   136 | D:2      | Reached skill level 1 in Spellcasting
   197 | D:3      | no
   243 | D:2      | Reached XP level 3. HP: 18/18 MP: 6/6
   259 | D:3      | Reached skill level 2 in Spellcasting
   278 | D:3      | HP: 3/18 [gnoll/whip (4)]
   295 | D:3      | HP: 3/18 [gnoll/whip (4)]
   305 | D:3      | HP: 4/18 [giant newt (2)]
   330 | D:3      | Noticed Sigmund
   357 | D:3      | HP: 4/18 [giant gecko (2)]
   362 | D:3      | HP: 3/18 [adder (1)]
   364 | D:3      | Reached XP level 4. HP: 3/23 MP: 6/8
   377 | D:3      | HP: 1/23 [gnoll/halberd (5)]
   411 | D:3      | HP: 5/23 [goblin (2)]
   441 | D:4      | Noticed an ogre
   471 | D:4      | Reached skill level 1 in Stealth
   477 | D:4      | Killed an ogre
   477 | D:4      | Reached skill level 4 in Short Blades
   477 | D:4      | Reached skill level 2 in Stealth
   477 | D:4      | Reached XP level 5. HP: 10/26 MP: 11/11
   488 | D:4      | Noticed Prince Ribbit
   502 | D:4      | Killed Prince Ribbit
   502 | D:4      | Reached skill level 5 in Short Blades
   502 | D:4      | Reached skill level 4 in Stealth
   502 | D:4      | Gained mutation: You heal very quickly. [vine stalker growth]
   502 | D:4      | Reached XP level 6. HP: 12/30 MP: 10/13
   608 | D:4      | Noticed Natasha
   618 | D:4      | Killed Natasha
   619 | D:4      | Noticed Grinder
   624 | D:4      | Noticed an ogre
   634 | D:4      | Noticed Natasha
   637 | D:4      | HP: 4/30 [ogre/giant club (14)]
   639 | D:4      | HP: 1/30 [ogre/giant club (3)]
   642 | D:4      | Slain by an ogre

Vanquished Creatures
  Prince Ribbit (D:4)
  An ogre (D:4)
  Natasha (D:4)
  A worker ant (D:4)
  3 gnolls
  3 adders
  A giant gecko (D:3)
  2 giant cockroaches
  4 goblins
  A hobgoblin (D:1)
  2 kobolds
  5 bats
  4 giant newts
  3 rats
32 creatures vanquished.
